 Dungeon Crawl Stone Soup version 0.19.4-8-ga85b6b9 (webtiles) character file.

9 empire the Digger (level 2, -2/16 HPs)
             Began as a Gargoyle Earth Elementalist on Feb 10, 2017.
             Killed by nerve-wracking pain
             ... invoked by Jessica
              (6 damage)
             ... on level 2 of the Dungeon.
             The game lasted 00:01:23 (436 turns).

empire the Digger (Gargoyle Earth Elementalist)      Turns: 436, Time: 00:01:24

Health: -2/16      AC:  5    Str: 11    XL:     2   Next: 12%
Magic:  0/5        EV: 17    Int: 15    God:
Gold:   71         SH:  0    Dex: 15    Spells: 1 memorised, 4 levels left

rFire  . . .     SeeInvis .     a - +0 dagger
rCold  . . .     Gourm    .     Z - +0 leather armour
rNeg   + . .     Faith    .     (no shield)
rPois  ∞         Spirit   .     (no helmet)
rElec  +         Reflect  .     (no cloak)
rCorr  .         Harm     .     (no gloves)
MR     .....                    (no boots)
Stlth  +++.......               (no amulet)
                                (no ring)
                                (no ring)

@: agile, very slightly contaminated
A: negative energy resistance 1, electricity resistance, unbreathing,
petrification resistance, rot immunity, AC +2
a: no special abilities


You were on level 2 of the Dungeon.
You were not hungry.

You visited 1 branch of the dungeon, and saw 2 of its levels.

You collected 71 gold pieces.

Inventory:

Hand Weapons
 a - a +0 dagger (weapon)
 i - a +0 short sword
 m - a +0 whip
Missiles
 b - 80 stones (quivered)
Armour
 Z - a +0 leather armour (worn)
Scrolls
 f - a scroll of remove curse {unknown}
 g - a scroll of magic mapping {unknown}
 h - 2 scrolls of identify {unknown}
 j - a scroll of amnesia {unknown}
 k - a scroll of random uselessness {unknown}
Books
 e - a book of Geomancy

   Spells                             Type                      Level
   a - Sandblast                      Earth                        1
   b - Passwall                       Transmutation/Earth          2
   c - Stone Arrow                    Conjuration/Earth            3
   d - Petrify                        Transmutation/Earth          4
   e - Lee's Rapid Deconstruction     Earth                        5
Comestibles
 d - 2 bread rations


   Skills:
 + Level 1.0 Fighting
 + Level 0.2 Armour
 - Level 1.5 Dodging
 - Level 2.1 Stealth
 + Level 2.1 Spellcasting
   Level 0.7 Transmutations
 + Level 3.9 Earth Magic


You had 4 spell levels left.
You knew the following spells:

 Your Spells              Type           Power        Failure   Level  Hunger
a - Sandblast             Erth           ##....       10%         1    #......


Dungeon Overview and Level Annotations

Branches:
Dungeon (2/15)

Altars:
Ashenzari
Vehumet

Annotations:
D:2 Jessica


Innate Abilities, Weirdness & Mutations

You are resistant to torment.
Your stone body is resilient. (AC +2)
You are immune to poison.
You resist negative energy. (rN+)
You are resistant to electric shocks. (rElec)
You can survive without breathing.
You are immune to petrification.
You are immune to rotting.


Message History

You barely resist.
You catch the helpless Jessica completely off-guard!
You puncture Jessica!
Jessica is severely wounded.
Jessica barely misses you.
You hit Jessica.
Jessica is severely wounded.
You see here a stone.
You hit Jessica.
Jessica is almost dead.
You flicker back into view.
Jessica barely misses you.
You hit Jessica.
Jessica is almost dead.
Jessica completely misses you.
You barely miss Jessica.
Jessica is almost dead.
Jessica gestures at you while chanting. Pain shoots through your body!
You die...

######## ##.#. #(.....
#..#. #...... ####..#.
###...... #...<##.
$.......#########.##.##.
...................#.##.
......)..# #............
........(# #.......#####
##....@@(####.#....##
...#####.)).._..(...# #
#.####.#.....## #.#
#........# #.#
##.#.....# #.# #.#.....#
#.# #.#.....#
#.#####.#.....###
#...<............


You could see Jessica.

Vanquished Creatures
  A giant cockroach (D:2)
  4 goblins
  A bat (D:2)
  A kobold (D:1)
  A rat (D:1)
8 creatures vanquished.

Vanquished Creatures (others)
  A hobgoblin (D:2)
  A rat (D:2)
2 creatures vanquished.

Grand Total: 10 creatures vanquished

Notes
Turn   | Place    | Note
-------+----------+-------------------------------------------
     0 | D:1      | empire the Gargoyle Earth Elementalist began the quest for the Orb.
     0 | D:1      | Reached XP level 1. HP: 10/10 MP: 3/3
   312 | D:1      | You fall through a shaft!
   322 | D:2      | Found a radiant altar of Vehumet.
   361 | D:2      | Found a shattered altar of Ashenzari.
   408 | D:2      | Noticed Jessica
   417 | D:2      | Reached skill level 1 in Fighting
   417 | D:2      | Reached XP level 2. HP: 3/16 MP: 0/5
   436 | D:2      | Killed from afar by Jessica

Skill      XL: |  1 |
---------------+----+-----
Fighting       | 1 |  1.0
Armour         | |  0.2
Dodging        | |  1.5
Stealth        | |  2.1
Spellcasting   | |  2.1
Transmutations | |  0.7
Earth Magic    | |  3.9

Action                   || total
-------------------------++-------
Melee: Dagger            ||    24
 Cast: Sandblast         ||     6
  Use: Potion            ||     2
 Stab: Invisible         ||     1
Armor: Leather armour    ||     6
Dodge: Dodged            ||    25
